 Dungeon Crawl Stone Soup version 0.30-b1-2-g02819fbbbe (webtiles) character file.

Game seed: 10993959029014716226

39 Alarkh the Shooter (level 3, -1/27 HPs)
             Began as a Demonspawn Hunter on May 25, 2023.
             Killed from afar by Robin (17 damage)
             ... with a bolt of dispelling energy
             ... on level 2 of the Dungeon.
             The game lasted 00:01:34 (872 turns).

Alarkh the Shooter (Demonspawn Hunter)               Turns: 872, Time: 00:01:34

Health: -1/27      AC:  4    Str: 11    XL:     3   Next: 26%
Magic:  3/3        EV: 11    Int: 12    God:
Gold:   105        SH:  0    Dex: 16    Spells: 2/2 levels left

rFire   . . .        a - +0 shortbow
rCold   . . .        (shield currently unavailable)
rNeg    . . .        c - +0 leather armour
rPois   .            f - +0 helmet
rElec   .            (no cloak)
rCorr   .            (no gloves)
SInv    .            (no boots)
Will    .....        (no amulet)
Stlth   +            (no ring)
HPRegen 0.24/turn    (no ring)
MPRegen 0.08/turn

%: no passive effects
@: no status effects
A: claws 2
a: no special abilities


You were on level 2 of the Dungeon.
You visited 1 branch of the dungeon, and saw 2 of its levels.

You collected 105 gold pieces.

Inventory:

Hand Weapons
 a - a +0 shortbow (weapon)
Armour
 c - a +0 leather armour (worn)
 f - a +0 helmet (worn)
Scrolls
 b - 2 scrolls of immolation
 d - 3 scrolls of fog
 e - 3 scrolls of identify {unknown}
 g - 3 scrolls of teleportation {unknown}
 h - a scroll of amnesia {unknown}
Potions
 i - a potion of might {unknown}
 j - 2 potions of haste {unknown}


   Skills:
 - Level 2.0 Fighting
 + Level 4.7 Ranged Weapons
 - Level 1.7 Dodging
 - Level 0.8 Stealth


You had 2 spell levels left.
You didn't know any spells.
Your spell library was empty.

Dungeon Overview and Level Annotations

Branches:
Dungeon (2/15)

Altars:

Annotations:
D:2 Robin


Innate Abilities, Weirdness & Mutations

You have very sharp fingernails.


Message History

You shoot an arrow. The arrow hits the hobgoblin!
You kill the hobgoblin!
A goblin comes into view. It is wielding a +0 club.
You shoot an arrow. The arrow hits the goblin.
The goblin is heavily wounded.
The goblin barely misses you.
You shoot an arrow. The arrow barely misses the goblin.
The arrow hits Robin but does no damage.
The goblin hits you but does no damage. Robin throws the goblin at you!
The goblin barely misses you.
You shoot an arrow. The arrow closely misses the goblin.
Robin hits you from afar with a +0 spear.
The goblin hits you but does no damage.
You shoot an arrow. The arrow hits the goblin.
You kill the goblin!
Robin hits you from afar with a +0 spear.
You shoot an arrow. The arrow completely misses Robin.
Robin throws the goblin at you! The goblin hits you but does no damage.
The goblin barely misses you.
Robin hits you from afar with a +0 spear.
You shoot an arrow. The arrow hits the goblin.
You kill the goblin!
A goblin comes into view. It is wielding a +0 dagger.
Robin roars a battlecry!
The goblin goes into a battle-frenzy!
You hear a shout!
You shoot an arrow. The arrow closely misses Robin.
You hear a shout!
Robin hits you but does no damage.
You hear a shout!
You shoot an arrow. The arrow hits the goblin!
You kill the goblin!
Robin zaps a wand.
The bolt of dispelling energy misses you.
Robin hits you from afar with a +0 spear.
You shoot an arrow. The arrow hits Robin.
Robin is lightly wounded.
Robin zaps a wand.
The bolt of dispelling energy hits you!
Ouch! That really hurt!
You die...

###.#############
......g)@)......#
.#####.########.#
#. ######.# ..
#...##.# g♣.
#...>..# ....
#...####
#♣#♣.♣#♣#.##
.........#
♣#♣#♣#♣..#


You could see Robin.

Vanquished Creatures
  2 dart slugs (D:2)
  A bat (D:1)
  4 endoplasms
  A giant cockroach (D:1)
  7 goblins
  6 hobgoblins
  2 quokkas
  2 ball pythons
  2 frilled lizards
  3 kobolds
30 creatures vanquished.

Vanquished Creatures (others)
  5 plants (D:2)
5 creatures vanquished.

Grand Total: 35 creatures vanquished

Notes
Turn   | Place    | Note
-------+----------+-------------------------------------------
     0 | D:1      | Alarkh the Demonspawn Hunter began the quest for the Orb.
     0 | D:1      | Reached XP level 1. HP: 16/16 MP: 1/1
   198 | D:1      | Reached skill level 4 in Ranged Weapons
   218 | D:1      | Gained mutation: You have sharp fingernails. [demonic
                  | ancestry]
   218 | D:1      | Reached XP level 2. HP: 22/22 MP: 2/2
   305 | D:1      | Noticed a shining eye
   308 | D:1      | Found a faded altar of an unknown god.
   311 | D:1      | Noticed a great orb of eyes
   311 | D:1      | Noticed an eye of devastation
   311 | D:1      | Noticed a great orb of eyes
   761 | D:2      | Gained mutation: You have very sharp fingernails. [demonic
                  | ancestry]
   761 | D:2      | Reached XP level 3. HP: 27/27 MP: 3/3
   857 | D:2      | Noticed Robin
   872 | D:2      | Killed from afar by Robin

Illustrated notes

Levels and vault maps discovered:
D:1:      wander_arrival_lonely_grave, layout_rooms,
          hellmonk_ecumenical_altar_watching_god
D:2:      layout_loops_ring, serial_forest, infiniplex_forest_straight_3,
          infiniplex_forest_lined_ring, infiniplex_forest_lined_room_3,
          infiniplex_forest_lined_3_way, infiniplex_forest_clump_double,
          infiniplex_forest_zigzag_2, uniq_robin

Skill      XL: |  1 |
---------------+----+-----
Ranged Weapons | 4 |  4.7
Fighting       | |  2.0
Dodging        | |  1.7
Stealth        | |  0.8

Action                     || total
---------------------------++-------
   Fire: Shortbow          ||    60
    Use: Scroll            ||     1
 Armour: Leather armour    ||     7
  Dodge: Dodged            ||    14
